 Dungeon Crawl Stone Soup version 0.31.0-11-ge490571c62 (webtiles) character file.

Game seed: 6802194409569198099

49 Bobbunny the Trooper (level 3, -2/36 HPs)
             Began as a Naga Fighter on Feb 3, 2024.
             Slain by Robin
             ... wielding a +0 mace
              (4 damage)
             ... on level 2 of the Dungeon.
             The game lasted 00:01:10 (1196 turns).

Bobbunny the Trooper (Naga Fighter)                 Turns: 1196, Time: 00:01:11

Health: -2/36      AC:  5    Str: 20    XL:     3   Next: 77%
Magic:  3/3        EV:  8    Int:  8    God:
Gold:   114        SH:  5    Dex: 10    Spells: 2/2 levels left

rFire   . . .        n - +0 battleaxe
rCold   + . .        (shield currently unavailable)
rNeg    . . .        g - +1 ring mail {rC+}
rPois   +            (no helmet)
rElec   .            (no cloak)
rCorr   +            (no gloves)
SInv    +            (no barding)
Will    .....        m - amulet of reflection Stlth
                     k - ring of resist corrosion
HPRegen 0.26/turn    (no ring)
MPRegen 0.08/turn

%: reflection
@: very slow
A: AC +1, large, see invisible, deformed body, poison resistance, slowness 2,
spit poison 1, naga tail 1
a: Spit Poison


You were on level 2 of the Dungeon.
You visited 1 branch of the dungeon, and saw 2 of its levels.

You collected 114 gold pieces.

Inventory:

Hand Weapons
 a - a +0 war axe
 n - a +0 battleaxe (weapon)
Armour
 c - a +0 buckler
 g - a +1 ring mail of cold resistance (worn)
Jewellery
 k - a ring of resist corrosion (left hand)
 m - an amulet of reflection (around neck)
Scrolls
 b - 2 scrolls of identify {unknown}
 e - 2 scrolls of teleportation {unknown}
 j - a scroll of summoning {unknown}
 l - a scroll of noise {unknown}
Potions
 d - a potion of might
 f - a potion of invisibility {unknown}
 h - a potion of mutation {unknown}
 i - 2 potions of brilliance {unknown}


   Skills:
 + Level 3.8 Fighting
 + Level 3.1 Axes
 - Level 2.4 Armour
 - Level 2.6 Shields


You had 2 spell levels left.
You didn't know any spells.
Your spell library was empty.

Dungeon Overview and Level Annotations

Branches:
Dungeon (2/15)

Altars:

Annotations:
D:2 Robin


Innate Abilities, Weirdness & Mutations

Your serpentine skin is tough. (AC +1)
You have supernaturally acute eyesight. (SInv)
Armour fits poorly on your strangely shaped body.
Your system is resistant to poisons. (rPois)
You cover ground very slowly.
You can spit poison.
You have a snake-like lower body.


Message History

You are too injured to fight recklessly!
You are too injured to fight recklessly!
You are too injured to fight recklessly!
You closely miss the goblin. Robin throws the goblin at you!
The goblin hits you with a +0 club.
* * * LOW HITPOINT WARNING * * *
You block the goblin's attack. The goblin hits you with a +0 club.
* * * LOW HITPOINT WARNING * * *
The goblin barely misses you.
You closely miss the goblin. x2; The goblin hits you but does no damage.
You block the goblin's attack.
You slash the goblin!
You kill the goblin!
You barely miss the goblin.
The goblin no longer looks unusually strong. x2
Robin throws the goblin at you! The goblin barely misses you. x2
The goblin hits you with a +0 club.
* * * LOW HITPOINT WARNING * * *
The goblin hits you but does no damage.
You slash the goblin!
You kill the goblin!
You hit the goblin.
Robin says, "Kneel, worm!"
Robin throws the goblin at you! The goblin hits you but does no damage.
Robin hits you but does no damage. The goblin hits you with a +0 club.
* * * LOW HITPOINT WARNING * * *
Robin roars a battlecry!
The goblin goes into a battle-frenzy!
You slash Robin!
Robin is heavily wounded.
You closely miss the goblin. The goblin hits you with a +0 club.
* * * LOW HITPOINT WARNING * * *
Robin hits you with a +0 mace.
* * * LOW HITPOINT WARNING * * *
You slash Robin!
Robin is almost dead.
You closely miss the goblin. The goblin hits you but does no damage.
Robin hits you with a +0 mace.
You die...
Robin calls out, "Let's celebrate!
Time for a feast!"

##........# #.
#....####.# #. #.
#...## #. #. #...#
#. ##. #...# ##.##
#.. #...#### ....
#.# #......# .)#
####.. #..###.#
#g# ...... #..#
#.# #@# ######
#..# #.# #g# ...#
#.# #)# ##.###.#
#.# #.##..#####
#.#
#..>#.....#####.#
##.###..........#
####.#.###.#######
.......###.######
#.


You could see Robin and a goblin (strong).

Vanquished Creatures
  5 dart slugs
  A bat (D:1)
  3 endoplasms
  12 goblins
  3 hobgoblins (D:1)
  2 quokkas (D:1)
  A ball python (D:1)
  3 frilled lizards
  2 kobolds (D:1)
  4 rats
36 creatures vanquished.

Notes
Turn   | Place    | Note
-------+----------+-------------------------------------------
     0 | D:1      | Bobbunny the Naga Fighter began the quest for the Orb.
     0 | D:1      | Reached XP level 1. HP: 21/21 MP: 1/1
    79 | D:1      | Reached XP level 2. HP: 21/28 MP: 2/2
   360 | D:1      | Reached XP level 3. HP: 30/34 MP: 3/3
  1180 | D:2      | Noticed Robin
  1195 | D:2      | HP: 1/36 [Robin/+0 mace (3)]
  1196 | D:2      | Slain by Robin

Illustrated notes

Levels and vault maps discovered:
D:1:      orjb1_lava_funnel, layout_loops_ring
D:2:      layout_loops_ring, chequers_serial_rivers_micro_a, uniq_robin,
          uniq_terence

Skill      XL: |  1  2  3 |
---------------+----------+-----
Axes           | 3 |  3.1
Fighting       | |  3.8
Armour         | |  2.4
Shields        | |  2.6

Action                     || total
---------------------------++-------
  Melee: War axe           ||    90
         Battleaxe         ||    19
 Armour: Leather armour    ||    44
         Scale mail        ||     6
         Ring mail         ||    55
  Dodge: Dodged            ||    57
  Block: Buckler           ||    22
         Other             ||     8
